 Dungeon Sprint DCSS version 0.31-a0-675-g238779eb0a (webtiles) character file.

Game seed: 16743513243765015178

176844255 browni3141 the Heavyweight Champion (level 21, 262/262 HPs)
             Began as a Troll Shapeshifter on Sept 5, 2023.
             Was the Champion of Cheibriados.
             Escaped with the Orb
             ... and 17 runes on Sept 6, 2023!
             The game lasted 00:44:05 (10277 turns).

browni3141 the Heavyweight Champion (TrSh)         Turns: 10277, Time: 00:44:06

Health: 262/262    AC: 36    Str: 46    XL:     21   Next: 30%
Magic:  31/31      EV: 36    Int: 21    God:    Cheibriados [******]
Gold:   534        SH: 38    Dex: 32    Spells: 20/20 levels left

rFire   . .          .
                       - Unarmed
rCold   + + .        R - +8 tower shield
rNeg    . . .        W - +4 gold dragon scales
rPois   +            S - +0 hat of the Swan {Str+3 Stlth-}
rElec   +            C - +2 cloak
rCorr   .            (gloves unavailable)
SInv    .            (boots unavailable)
Will    +....        z - amulet of Ru's Delight {Spirit rElec Regen+} Stlth
                     s - +5 ring of evasion
HPRegen 2.23/turn    G - ring of ice
MPRegen 0.22/turn

%: no teleportation, guardian spirit
@: very slow
A: large, unfitting armour, claws 3, regeneration 1, shaggy fur 1, tough skin 1,
deterioration 1, screaming 1, inability to read after injury 1
0: Orb of Zot
}: 17/17 runes: decaying, serpentine, barnacled, slimy, elven, silver, golden,
iron, obsidian, icy, bone, abyssal, glowing, magical, fiery, dark, gossamer
a: Renounce Religion, Bend Time, Temporal Distortion, Slouch, Step From Time


You escaped.
You worshipped Cheibriados.
Cheibriados was exalted by your worship.
You visited 1 branch You collected 1964 gold pieces.
You spent 1430 gold pieces at shops.

Inventory:

Missiles
 K - 13 large rocks (quivered)
 U - 4 javelins
Armour
 a - a +0 animal skin
 o - +0 steam dragon scales
 y - a +0 cloak
 C - a +2 cloak (worn)
 H - the +0 kite shield "Uxzu" {rF++ rN+ Str+5}
   (You found it in the Dungeon)

   Str+5:     It affects your strength (+5).
   rF++:      It greatly protects you from fire.
   rN+:       It protects you from negative energy.
 I - +0 shadow dragon scales
 R - a +8 tower shield (worn)
 S - the +0 hat of the Swan (worn) {Str+3 Stlth-}
   (You found it in the Dungeon)

   Str+3:     It affects your strength (+3).
   Stlth-:    It makes you less stealthy.
 W - +4 gold dragon scales (worn)
Jewellery
 m - a +3 ring of dexterity
 n - a +2 ring of protection
 s - a +5 ring of evasion (left claw)
 z - the amulet of Ru's Delight (around neck) {Spirit rElec Regen+}
   (You bought it in a shop in the Dungeon)

   [amulet of guardian spirit]

   Spirit:    It causes incoming damage to be divided between your reserves of
   health and magic.
   rElec:     It insulates you from electricity.
   Regen+:    It increases your rate of health regeneration.
 A - a ring of protection from fire
 B - a ring of poison resistance
 D - an amulet of the acrobat
 E - a ring of protection from fire
 F - a ring of see invisible
 G - a ring of ice (right claw)
 M - a ring of wizardry
 N - a +2 ring of slaying
 O - a +6 ring of strength
 P - a +6 ring of strength
 Q - a +6 ring of dexterity
 Y - the ring "Lejit" {Wiz rPois}
   (You found it in the Dungeon)

   [ring of wizardry]

   Wiz:       It improves your spell success rate.
   rPois:     It protects you from poison
 Z - the amulet of the Townfolk {Spirit -Cast rPois Dex+6}
   (You found it in the Dungeon)

   [amulet of guardian spirit]

   Spirit:    It causes incoming damage to be divided between your reserves of
   health and magic.
   Dex+6:     It affects your dexterity (+6).
   rPois:     It protects you from poison -Cast: It prevents spellcasting.
Talismans
 c - a beast talisman
 d - a flux talisman
Wands
 l - a wand of quicksilver (6)
 r - a wand of charming (10)
 J - a wand of flame (13)
 L - a wand of iceblast (7)
Scrolls
 k - 2 scrolls of amnesia
 t - 2 scrolls of fog
 u - 5 scrolls of fear
 v - 7 scrolls of identify
 x - a scroll of vulnerability
 V - 4 scrolls of enchant weapon
Potions
 b - a potion of lignification
 e - 12 potions of curing
 f - 3 potions of heal wounds
 g - 7 potions of haste
 h - 8 potions of magic
 i - a potion of invisibility
 p - 2 potions of might
 q - 3 potions of brilliance
 w - 2 potions of resistance
 T - a potion of mutation
Miscellaneous
 X - a lightning rod (4/4)


   Skills:
 + Level 26.5 Fighting
 O Level 27 Throwing
 O Level 27 Armour
 + Level 26.4 Dodging
 O Level 27 Shields
 O Level 27 Unarmed Combat
 - Level 15.0 Invocations
 O Level 27 Evocations
 - Level 14.0 Shapeshifting


You had 20 spell levels left.
You didn't know any spells.
Your spell library was empty.

Dungeon Overview and Level Annotations

Branches:
Dungeon (1/1)

Altars:
Cheibriados
Dithmenos
Elyvilon
Fedhas
Gozag
Hepliaklqana
Kikubaaqudgha
Makhleb
Nemelex Xobeh
Okawaru
Qazlal
Ru
Sif Muna
Trog
Uskayaw
Vehumet
Wu Jian
Xom
Yredelemnul
Zin
The Shining One
Jiyva
Lugonu

Shops:
D *=[=


Innate Abilities, Weirdness & Mutations

You are too large for most types of armour.
You have claws for hands.
Your natural rate of healing is unusually fast.
You are covered in fur. (AC +1)
You have tough skin. (AC +1)
Your body sometimes deteriorates upon taking damage.
You occasionally shout uncontrollably at your foes.
You occasionally lose the ability to read scrolls when taking damage.


Message History

a +0 halberd; a +0 robe
Things that are here:
a +0 whip; a +0 leather armour
Things that are here:
a +0 war axe; a +0 chain mail
There is an open door to the Dungeon, spattered with blood here.
You see here a +1 chain mail.
You see here a +0 pair of gloves.
You see here a +0 helmet.
Items here: )))))).
There is an open door here.
There is a glowing golden altar of the Shining One here.
There is a glowing silver altar of Zin here.
There is a basalt altar of Yredelemnul here.
There is a shimmering altar of Xom here.
There is an ornate altar of the Wu Jian Council here.
There is a radiant altar of Vehumet here.
There is a hide-covered altar of Uskayaw here.
There is a bloodstained altar of Trog here.
There is a shimmering blue altar of Sif Muna here.
There is a sacrificial altar of Ru here.
There is a stormy altar of Qazlal here.
There is an iron altar of Okawaru here.
There is a sparkling altar of Nemelex Xobeh here.
There is a burning altar of Makhleb here.
There is a corrupted altar of Lugonu here.
There is an ancient bone altar of Kikubaaqudgha here.
There is a hazy altar of Hepliaklqana here.
There is an opulent altar of Gozag here.
There is a blossoming altar of Fedhas here.
There is a white marble altar of Elyvilon here.
There is a shadowy altar of Dithmenos here.
There is a snail-covered altar of Cheibriados here.
There is a roughly hewn altar of Beogh here.
There is an open door to the Temple here.
There is an open door here.
Blink to where?
Press: ? - help, Dir - move target
As you read the scroll of blinking, it crumbles to dust.
You have escaped!

▓▓▓▓▓▓▓▓▓▓▓▓▓▓▓▓▓▓
...▓...▓...▓...▓@▓
.▓.▓.▓.▓.▓.▓.▓.▓.▓
.▓.▓.▓.▓.▓.▓.▓.▓.▓
.▓.▓.▓.▓.▓.▓.▓.▓.▓
.▓)▓.▓.▓.▓.▓.▓.▓'▓
.▓.▓.▓.▓.▓.▓.▓.▓.▓
.▓.▓.▓.▓.▓.▓.▓.▓.▓
.▓.▓.▓.▓.▓.▓(▓.▓§▓
.▓.▓.▓.▓.▓.▓(▓.▓.▓


There were no monsters in sight!

Vanquished Creatures
  Cerebov (D)
  Antaeus (D)
  Asmodeus (D)
  the Royal Jelly (D)
  Gloorx Vloq (D)
  6 pandemonium lords (D)
  Ereshkigal (D)
  Lom Lobon (D)
  Mnoleg (D)
  Dispater (D)
  3 orbs of fire (D)
  6 ancient liches (D)
  Mara (D)
  Sojobo (D)
  6 royal mummies (D)
  2 Killer Klowns (D)
  Margery (D)
  Boris (D)
  A caustic shrike (D)
  Geryon (D)
  6 golden dragons (D)
  Jory (D)
  7 electric golems (D)
  6 tentacled monstrosities (D)
  5 Ice Fiends (D)
  5 liches (D)
  2 deep elf blademasters (D)
  31 Orb Guardians (D)
  2 deep elf master archers (D)
  14 sphinxes (D)
  2 quicksilver dragons (D)
  10 acid blobs (D)
  An Executioner (D)
  3 death cobs (D)
  A tentacled starspawn (D)
  Frances (D)
  6 shadow dragons (D)
  2 tengu reavers (D)
  5 rockslimes (D)
  A draconian monk (D)
  Donald (D)
  6 azure jellies (D)
  Ilsuiw (D)
  4 draconian knights (D)
  3 nagarajas (D)
  A deep elf sorcerer (D)
  5 emperor scorpions (D)
  2 balrugs (D)
  A vault warden (D)
  2 draconian scorchers (D)
  5 frost giants (D)
  2 draconian shifters (D)
  2 ghost moths (D)
  An orc warlord (D)
  7 stone giants (D)
  4 draconian stormcallers (D)
  A reaper (D)
  An ironbound preserver (D)
  2 cacodemons (D)
  A quicksilver ooze (D)
  A broodmother (D)
  2 ironbound thunderhulks (D)
  2 draconian annihilators (D)
  2 deep elf annihilators (D)
  Nessos (D)
  9 vampire knights (D)
  3 very ugly things (D)
  3 deep elf demonologists (D)
  4 green draconians (D)
  2 purple draconians (D)
  A red draconian (D)
  A dire elephant (D)
  2 black draconians (D)
  2 eleionomae (D)
  A white draconian (D)
  2 bunyips (D)
  2 yellow draconians (D)
  2 green deaths (D)
  5 merfolk impalers (D)
  4 merfolk javelineers (D)
  2 ettins (D)
  5 fire dragons (D)
  Josephine (D)
  2 deep elf death magi (D)
  2 blizzard demons (D)
  An entropy weaver (D)
  6 yaktaur captains (D)
  A mummy priest (D)
  2 deep elf high priests (D)
  2 great orbs of eyes (D)
  4 hydras (D)
  5 ice dragons (D)
  A ghost crab (D)
  2 rakshasas (D)
  A spriggan air mage (D)
  An ironbound frostheart (D)
  A jorogumo (D)
  26 vault guards (D)
  A hell beast (D)
  An anaconda (D)
  3 merfolk aquamancers (D)
  4 merfolk avatars (D)
  2 ogre magi (D)
  A centaur warrior (D)
  A hell hog (D)
  A deep troll earth mage (D)
  4 naga warriors (D)
  A tengu warrior (D)
  A death knight (D)
  2 demonic crawlers (D)
  A spriggan berserker (D)
  5 hell knights (D)
  A fire crab (shapeshifter) (D)
  4 sun demons (D)
  4 sixfirhies (D)
  4 large abominations (D)
  3 naga ritualists (D)
  A glowing orange brain (D)
  A shadow demon (D)
  2 wizards (D)
  4 ironbound convokers (D)
  10 swamp dragons (D)
  A steelbarb worm (D)
  4 orc knights (D)
  2 bog bodies (D)
  A phantasmal warrior (D)
  A necromancer (D)
  2 harpies (D)
  A cyclops (D)
  8 moths of wrath (D)
  2 wolf spiders (D)
  An ugly thing (D)
  7 manticores (D)
  8 orc sorcerers (D)
  Maurice (D)
  2 naga magi (D)
  A toenail golem (D)
  2 black mambas (D)
  3 vault sentinels (D)
  3 guardian serpents (D)
  2 elephants (D)
  A merfolk siren (D)
  A smoke demon (D)
  2 hellions (D)
  2 cane toads (D)
  4 orange demons (D)
  A tengu conjurer (D)
  An ancient zyme (D)
  A wandering mushroom (D)
  A tormentor (D)
  A hellwing (D)
  A hornet (D)
  21 guardian mummies (D)
  2 red devils (D)
  3 polar bears (D)
  3 culicivoras (D)
  2 jumping spiders (D)
  4 slime creatures (D)
  4 wraiths (D)
  12 spriggans (D)
  3 wyverns (D)
  A ynoxinul (D)
  3 basilisks (D)
  A small abomination (D)
  Eustachio (D)
  Grum (D)
  5 yaks (D)
  A chaos spawn (D)
  7 golden eyes (D)
  A steam dragon (D)
  A vampire mosquito (D)
  4 nagas (D)
  2 redbacks (D)
  An acid dragon (D)
  A water moccasin (D)
  4 hell hounds (D)
  4 floating eyes (D)
  5 black bears (D)
  11 orc warriors (D)
  4 wolves (D)
  2 bullfrogs (D)
  A scorpion (D)
  A wight (D)
  A howler monkey (D)
  A quasit (D)
  2 orc priests (D)
  A gnoll bouda (D)
  An iguana (D)
  8 orc wizards (D)
  An adder (D)
  A white imp (D)
  An ufetubus (D)
  6 orcs (D)
  A ball python (D)
  A bat (D)
  2 endoplasms (D)
  A jackal (D)
  A quokka (D)
  A frilled lizard (D)
  2 ball lightnings (D)
  A lurking horror (D)
596 creatures vanquished.

Vanquished Creatures (others)
  A fire giant (D)
  An ogre mage (D)
  A hydra (D)
  8 ball lightnings (D)
11 creatures vanquished.

Grand Total: 607 creatures vanquished

Notes
Turn   | Place    | Note
-------+----------+-------------------------------------------
     0 | D        | browni3141 the Troll Shapeshifter began the quest for the
                  | Orb.
     0 | D        | Reached XP level 1. HP: 18/18 MP: 0/0
    13 | D        | Reached skill level 1 in Fighting
    16 | D        | Noticed an iguana
    16 | D        | Noticed a scorpion
    22 | D        | Killed an iguana
    23 | D        | Reached skill level 5 in Unarmed Combat
    23 | D        | Reached XP level 2. HP: 27/27 MP: 1/1
    23 | D        | Reached XP level 3. HP: 33/33 MP: 2/2
    25 | D        | Killed a scorpion
    26 | D        | Reached skill level 5 in Shapeshifting
    26 | D        | Reached XP level 4. HP: 41/41 MP: 3/3
    39 | D        | Found a snail-covered altar of Cheibriados.
    39 | D        | Found a shadowy altar of Dithmenos.
    39 | D        | Found a white marble altar of Elyvilon.
    39 | D        | Found a blossoming altar of Fedhas.
    39 | D        | Found an opulent altar of Gozag.
    40 | D        | Found a hazy altar of Hepliaklqana.
    41 | D        | Found a viscous altar of Jiyva.
    42 | D        | Found an ancient bone altar of Kikubaaqudgha.
    43 | D        | Became a worshipper of Cheibriados the Contemplative
    44 | D        | Found a corrupted altar of Lugonu.
    45 | D        | Found a burning altar of Makhleb.
    46 | D        | Found a sparkling altar of Nemelex Xobeh.
    47 | D        | Found an iron altar of Okawaru.
    48 | D        | Found a stormy altar of Qazlal.
    49 | D        | Found a sacrificial altar of Ru.
    50 | D        | Found a shimmering blue altar of Sif Muna.
    51 | D        | Found a bloodstained altar of Trog.
    52 | D        | Found a hide-covered altar of Uskayaw.
    53 | D        | Found a radiant altar of Vehumet.
    54 | D        | Found an ornate altar of the Wu Jian Council.
    55 | D        | Found a shimmering altar of Xom.
    56 | D        | Found a basalt altar of Yredelemnul.
    57 | D        | Found a glowing silver altar of Zin.
    58 | D        | Found a glowing golden altar of the Shining One.
    94 | D        | Noticed a wyvern
    94 | D        | Noticed an orc warrior
    94 | D        | Noticed a steam dragon
    96 | D        | Reached XP level 5. HP: 48/48 MP: 4/4
    96 | D        | Killed an orc warrior
    96 | D        | Reached * piety under Cheibriados
    97 | D        | Reached XP level 6. HP: 46/57 MP: 5/5
   100 | D        | Killed a wyvern
   100 | D        | Reached ** piety under Cheibriados
   104 | D        | Killed a steam dragon
   105 | D        | Reached XP level 7. HP: 45/65 MP: 6/6
   123 | D        | Noticed a vampire mosquito
   123 | D        | Noticed a manticore
   123 | D        | Noticed a queen bee
   123 | D        | Noticed a manticore
   123 | D        | Noticed a slime creature
   123 | D        | Noticed a tengu conjurer
   128 | D        | Killed a vampire mosquito
   129 | D        | Reached skill level 1 in Invocations
   129 | D        | Reached skill level 1 in Evocations
   151 | D        | Noticed a fire crab
   158 | D        | Killed a manticore
   158 | D        | Reached *** piety under Cheibriados
   159 | D        | Reached skill level 5 in Dodging
   159 | D        | Reached XP level 8. HP: 57/76 MP: 7/9
   162 | D        | Killed a fire crab
   164 | D        | Killed a manticore
   165 | D        | Reached skill level 15 in Unarmed Combat
   165 | D        | Reached XP level 9. HP: 31/87 MP: 7/11
   165 | D        | Reached **** piety under Cheibriados
   166 | D        | Reached skill level 5 in Fighting
   168 | D        | Killed a tengu conjurer
   315 | D        | Noticed a cane toad
   320 | D        | Reached skill level 5 in Invocations
   322 | D        | Reached ***** piety under Cheibriados
   343 | D        | Killed a cane toad
   347 | D        | Reached ****** piety under Cheibriados
   373 | D        | Noticed an elephant
   376 | D        | Noticed a six-headed hydra
   377 | D        | Reached skill level 5 in Evocations
   377 | D        | Reached XP level 10. HP: 100/100 MP: 13/13
   378 | D        | Noticed a cane toad
   380 | D        | Killed an elephant
   381 | D        | Noticed an elephant
   384 | D        | Killed an eight-headed hydra
   388 | D        | Killed a cane toad
   394 | D        | Killed an elephant
   514 | D        | Noticed Josephine
   522 | D        | Killed Josephine
   523 | D        | Reached skill level 10 in Shapeshifting
   523 | D        | Reached XP level 11. HP: 88/111 MP: 15/15
   656 | D        | Noticed an orc knight
   656 | D        | Noticed an orc knight
   656 | D        | Noticed an orc sorcerer
   657 | D        | Noticed an orc knight
   658 | D        | Noticed an orc knight
   662 | D        | Killed an orc knight
   665 | D        | Killed an orc knight
   666 | D        | Killed an orc sorcerer
   668 | D        | Killed an orc knight
   670 | D        | Killed an orc knight
   715 | D        | Found Nimm's General Store.
   715 | D        | Noticed an orc sorcerer
   716 | D        | Noticed an orc sorcerer
   719 | D        | Found Hef Icuerch's Jewellery Shoppe.
   719 | D        | Noticed an orc sorcerer
   719 | D        | Paralysed by an orc sorcerer for 2 turns
   720 | D        | Noticed a sun demon
   720 | D        | Killed an orc sorcerer
   726 | D        | Noticed a soul eater
   728 | D        | Killed an orc sorcerer
   729 | D        | Found Binesam's Armour Emporium.
   730 | D        | Killed an orc sorcerer
   731 | D        | Noticed an orc sorcerer
   732 | D        | Found Miycw's Jewellery Shoppe.
   735 | D        | Killed an orc sorcerer
   736 | D        | Noticed an orc sorcerer
   736 | D        | Noticed an orc sorcerer
   737 | D        | Noticed an orc sorcerer
   740 | D        | Killed an orc sorcerer
   744 | D        | Killed an orc sorcerer
   747 | D        | Killed an orc sorcerer
   748 | D        | Reached skill level 10 in Dodging
   789 | D        | Bought the amulet of Ru's Delight {Spirit rElec Regen+} for
                  | 616 gold pieces
   789 | D        | Bought a ring of protection from fire for 350 gold pieces
   789 | D        | Bought a ring of poison resistance for 280 gold pieces
   810 | D        | Noticed Grum
   819 | D        | Killed Grum
   848 | D        | Noticed Eustachio
   860 | D        | Killed Eustachio
   871 | D        | Noticed Maurice
   878 | D        | Killed Maurice
   947 | D        | Got the +0 kite shield "Uxzu" {rF++ rN+ Str+5}
  1006 | D        | Noticed a green ugly thing
  1006 | D        | Noticed an ogre mage
  1006 | D        | Noticed a centaur warrior
  1007 | D        | Noticed a death knight
  1009 | D        | Noticed a stone giant
  1012 | D        | Reached skill level 1 in Shields
  1012 | D        | Reached XP level 12. HP: 124/124 MP: 18/18
  1013 | D        | Reached skill level 1 in Armour
  1014 | D        | Noticed a tengu warrior
  1017 | D        | Noticed a lich
  1018 | D        | Killed an ogre mage
  1020 | D        | Noticed a lich
  1023 | D        | Killed a stone giant
  1024 | D        | Reached skill level 10 in Invocations
  1025 | D        | Noticed a rakshasa
  1029 | D        | Killed a lich
  1034 | D        | Killed a lich
  1035 | D        | Reached skill level 10 in Fighting
  1036 | D        | Noticed a green very ugly thing
  1037 | D        | Noticed a frost giant
  1039 | D        | Killed a centaur warrior
  1040 | D        | Reached skill level 5 in Shields
  1042 | D        | Killed a death knight
  1050 | D        | Killed a green very ugly thing
  1051 | D        | Reached skill level 5 in Armour
  1053 | D        | Killed a tengu warrior
  1057 | D        | Killed a frost giant
  1066 | D        | Killed a rakshasa
  1207 | D        | Noticed Frances
  1216 | D        | Killed Frances
  1396 | D        | Noticed a naga warrior
  1396 | D        | Noticed an anaconda
  1401 | D        | Killed a naga warrior
  1406 | D        | Killed an anaconda
  1407 | D        | Reached XP level 13. HP: 96/135 MP: 11/20
  1531 | D        | Noticed an eleionoma
  1531 | D        | Noticed a bunyip
  1540 | D        | Killed an eleionoma
  1544 | D        | Killed a bunyip
  1561 | D        | Noticed an eleionoma
  1568 | D        | Killed an eleionoma
  1586 | D        | Noticed a merfolk impaler
  1608 | D        | Killed a merfolk impaler
  1687 | D        | Noticed a broodmother
  1694 | D        | Paralysed by a jorogumo for 1 turns
  1704 | D        | Killed a broodmother
  1721 | D        | Reached skill level 10 in Shields
  2101 | D        | Noticed a green very ugly thing
  2101 | D        | Noticed a stone giant
  2101 | D        | Noticed a frost giant
  2101 | D        | Noticed a vampire knight
  2101 | D        | Noticed a fire dragon
  2101 | D        | Noticed a stone giant
  2103 | D        | Killed a green very ugly thing
  2110 | D        | Noticed a stone giant
  2111 | D        | Killed a stone giant
  2115 | D        | Killed a frost giant
  2116 | D        | Noticed a fire dragon
  2119 | D        | Killed a stone giant
  2122 | D        | Killed a fire dragon
  2128 | D        | Killed a vampire knight
  2129 | D        | Reached XP level 14. HP: 113/148 MP: 14/22
  2130 | D        | Noticed a stone giant
  2131 | D        | Killed a stone giant
  2132 | D        | Reached skill level 10 in Armour
  2135 | D        | Noticed a sphinx
  2145 | D        | Killed a stone giant
  2146 | D        | Noticed a frost giant
  2148 | D        | Killed a sphinx
  2149 | D        | Noticed a frost giant
  2155 | D        | Killed a frost giant
  2164 | D        | Killed a frost giant
  2334 | D        | Noticed an ironbound preserver
  2339 | D        | Killed an ironbound preserver
  2340 | D        | Reached skill level 1 in Throwing
  2357 | D        | Noticed an ironbound thunderhulk
  2360 | D        | Noticed an orc warlord
  2373 | D        | Killed an orc warlord
  2374 | D        | Paralysed by a great orb of eyes for 3 turns
  2376 | D        | Noticed an ironbound thunderhulk
  2382 | D        | Paralysed by a great orb of eyes for 3 turns
  2396 | D        | Killed an ironbound thunderhulk
  2400 | D        | Killed an ironbound thunderhulk
  2401 | D        | Reached skill level 5 in Throwing
  2416 | D        | Noticed a tengu reaver
  2428 | D        | Killed a tengu reaver
  2437 | D        | Noticed a sphinx
  2437 | D        | Noticed Mara
  2437 | D        | Noticed an Orb Guardian
  2438 | D        | Noticed a tentacled monstrosity
  2438 | D        | Noticed browni3141's illusion
  2441 | D        | Killed an Orb Guardian
  2444 | D        | Killed a tentacled monstrosity
  2446 | D        | Killed a sphinx
  2458 | D        | Noticed browni3141's illusion
  2463 | D        | Noticed browni3141's illusion
  2463 | D        | Killed Mara
  2464 | D        | Reached XP level 15. HP: 39/161 MP: 2/23
  3094 | D        | Bought a wand of iceblast (7) for 184 gold pieces
  3555 | D        | Noticed Margery
  3569 | D        | Killed Margery
  3701 | D        | Got the +0 hat of the Swan {Str+3 Stlth-}
  3820 | D        | Noticed Jory
  3832 | D        | Killed Jory
  4014 | D        | Reached skill level 15 in Shields
  4043 | D        | Reached skill level 10 in Throwing
  4086 | D        | Got a decaying rune of Zot
  4093 | D        | Noticed an emperor scorpion
  4093 | D        | Noticed an emperor scorpion
  4103 | D        | Noticed an emperor scorpion
  4104 | D        | Killed an emperor scorpion
  4110 | D        | Killed an emperor scorpion
  4117 | D        | Killed an emperor scorpion
  4118 | D        | Noticed an emperor scorpion
  4121 | D        | Noticed an emperor scorpion
  4132 | D        | Killed an emperor scorpion
  4138 | D        | Killed an emperor scorpion
  4244 | D        | Got a gossamer rune of Zot
  4253 | D        | Noticed Ilsuiw
  4268 | D        | Killed Ilsuiw
  4276 | D        | Reached skill level 15 in Armour
  4353 | D        | Got a barnacled rune of Zot
  4376 | D        | Noticed a nagaraja
  4377 | D        | Noticed a nagaraja
  4383 | D        | Noticed a nagaraja
  4388 | D        | Killed a nagaraja
  4391 | D        | Killed a nagaraja
  4392 | D        | Reached XP level 16. HP: 167/174 MP: 22/24
  4395 | D        | Reached skill level 15 in Dodging
  4417 | D        | Got a serpentine rune of Zot
  4488 | D        | Noticed a tengu reaver
  4498 | D        | Killed a tengu reaver
  4504 | D        | Noticed Sojobo
  4520 | D        | Killed Sojobo
  4587 | D        | Reached skill level 15 in Fighting
  4658 | D        | Noticed a tentacled monstrosity
  4669 | D        | Killed a tentacled monstrosity
  4675 | D        | Noticed a shadow dragon
  4682 | D        | Noticed a shadow dragon
  4693 | D        | Reached skill level 27 in Unarmed Combat
  4700 | D        | Killed a shadow dragon
  4701 | D        | Reached skill level 15 in Throwing
  4709 | D        | Killed a shadow dragon
  4758 | D        | Noticed a shadow dragon
  4758 | D        | Noticed an ancient lich
  4758 | D        | Noticed a golden dragon
  4758 | D        | Noticed a shadow dragon
  4758 | D        | Noticed a shadow dragon
  4762 | D        | Killed a shadow dragon
  4765 | D        | Killed an ancient lich
  4768 | D        | Killed a golden dragon
  4768 | D        | Noticed a shadow dragon
  4770 | D        | Killed a shadow dragon
  4772 | D        | Killed a shadow dragon
  4781 | D        | Killed a shadow dragon
  4810 | D        | Identified the +1 ring mail of Autumn {+Blink Will+ Stlth-}
  4812 | D        | Identified the +1 battleaxe "Dehumar Qoin" {flame, Stlth+}
  4814 | D        | Got a silver rune of Zot
  4834 | D        | Noticed Boris
  4840 | D        | Killed Boris
  4887 | D        | Noticed Donald
  4893 | D        | Killed Donald
  4920 | D        | Got the ring "Lejit" {Wiz rPois}
  4922 | D        | Got the amulet of the Townfolk {Spirit -Cast rPois Dex+6}
  5069 | D        | Noticed Nessos
  5075 | D        | Killed Nessos
  5099 | D        | Noticed a caustic shrike
  5107 | D        | Killed a caustic shrike
  5108 | D        | Reached XP level 17. HP: 164/188 MP: 20/25
  5168 | D        | Noticed a golden dragon
  5168 | D        | Noticed a golden dragon
  5176 | D        | Killed a golden dragon
  5180 | D        | Killed a golden dragon
  5239 | D        | Noticed a golden dragon
  5239 | D        | Noticed a tentacled monstrosity
  5239 | D        | Noticed a tentacled monstrosity
  5255 | D        | Killed a golden dragon
  5259 | D        | Killed a tentacled monstrosity
  5266 | D        | Killed a tentacled monstrosity
  5281 | D        | Noticed an electric golem
  5281 | D        | Noticed a tentacled monstrosity
  5286 | D        | Killed a tentacled monstrosity
  5306 | D        | Killed an electric golem
  5333 | D        | Noticed a golden dragon
  5335 | D        | Noticed a quicksilver dragon
  5340 | D        | Killed a golden dragon
  5364 | D        | Killed a quicksilver dragon
  5367 | D        | Reached skill level 10 in Evocations
  5417 | D        | Noticed a Killer Klown
  5453 | D        | Killed a Killer Klown
  5545 | D        | Noticed an Orb Guardian
  5545 | D        | Noticed an Orb Guardian
  5545 | D        | Noticed an Orb Guardian
  5545 | D        | Noticed an Orb Guardian
  5545 | D        | Noticed an Orb Guardian
  5545 | D        | Noticed an Orb Guardian
  5548 | D        | Noticed an Orb Guardian
  5550 | D        | Killed an Orb Guardian
  5553 | D        | Noticed an Orb Guardian
  5555 | D        | Killed an Orb Guardian
  5557 | D        | Killed an Orb Guardian
  5559 | D        | Killed an Orb Guardian
  5562 | D        | Killed an Orb Guardian
  5563 | D        | Reached XP level 18. HP: 204/204 MP: 27/27
  5570 | D        | Killed an Orb Guardian
  5573 | D        | Killed an Orb Guardian
  5574 | D        | Noticed an Orb Guardian
  5577 | D        | Killed an Orb Guardian
  5577 | D        | Noticed an Orb Guardian
  5582 | D        | Killed an Orb Guardian
  5587 | D        | Killed an Orb Guardian
  5608 | D        | Noticed an Orb Guardian
  5608 | D        | Noticed an Orb Guardian
  5608 | D        | Noticed a golden dragon
  5609 | D        | Noticed an Orb Guardian
  5619 | D        | Killed an Orb Guardian
  5624 | D        | Killed an Orb Guardian
  5637 | D        | Killed a golden dragon
  5644 | D        | Killed an Orb Guardian
  5740 | D        | Noticed an ancient lich
  5748 | D        | Killed an ancient lich
  5791 | D        | Noticed an orb of fire
  5793 | D        | Killed an orb of fire
  5794 | D        | Reached skill level 15 in Invocations
  5800 | D        | Noticed an electric golem
  5811 | D        | Killed an electric golem
  5814 | D        | Noticed an orb of fire
  5814 | D        | Noticed an electric golem
  5814 | D        | Noticed an electric golem
  5814 | D        | Noticed an electric golem
  5814 | D        | Noticed an ancient lich
  5816 | D        | Noticed a Killer Klown
  5817 | D        | Gained mutation: You occasionally lose the ability to read
                  | scrolls when taking damage. [an orb of fire]
  5819 | D        | Noticed an orb of fire
  5819 | D        | Killed an ancient lich
  5820 | D        | Killed an electric golem
  5822 | D        | Killed an electric golem
  5824 | D        | Killed an orb of fire
  5824 | D        | Noticed an ancient lich
  5831 | D        | Noticed a tentacled monstrosity
  5833 | D        | Killed an orb of fire
  5843 | D        | Killed an ancient lich
  5850 | D        | Killed a tentacled monstrosity
  5851 | D        | Killed an electric golem
  5857 | D        | Noticed an electric golem
  5858 | D        | Killed a Killer Klown
  5864 | D        | Killed an electric golem
  5868 | D        | Noticed an electric golem
  5872 | D        | Killed an electric golem
  5955 | D        | Noticed an Orb Guardian
  5955 | D        | Noticed an Orb Guardian
  5955 | D        | Noticed an Orb Guardian
  5955 | D        | Noticed an Orb Guardian
  5955 | D        | Noticed an Orb Guardian
  5955 | D        | Noticed an Orb Guardian
  5959 | D        | Killed an Orb Guardian
  5962 | D        | Noticed an Orb Guardian
  5964 | D        | Killed an Orb Guardian
  5969 | D        | Killed an Orb Guardian
  5970 | D        | Noticed an Orb Guardian
  5973 | D        | Killed an Orb Guardian
  5979 | D        | Killed an Orb Guardian
  5983 | D        | Killed an Orb Guardian
  5984 | D        | Reached skill level 15 in Evocations
  5986 | D        | Killed an Orb Guardian
  5989 | D        | Killed an Orb Guardian
  5992 | D        | Noticed an Orb Guardian
  5993 | D        | Noticed an Orb Guardian
  5999 | D        | Killed an Orb Guardian
  6002 | D        | Killed an Orb Guardian
  6003 | D        | Noticed an Orb Guardian
  6008 | D        | Killed an Orb Guardian
  6009 | D        | Reached XP level 19. HP: 217/217 MP: 29/29
  6101 | D        | Noticed an ancient lich
  6119 | D        | Killed an ancient lich
  6282 | D        | Noticed a Brimstone Fiend
  6409 | D        | Got an elven rune of Zot
  6430 | D        | Noticed the Royal Jelly
  6439 | D        | Paralysed by a floating eye for 4 turns
  6460 | D        | Killed the Royal Jelly
  6461 | D        | Reached skill level 27 in Shields
  6489 | D        | Paralysed by a floating eye for 2 turns
  6507 | D        | Got a slimy rune of Zot
  6646 | D        | Paralysed by a sphinx for 5 turns
  6935 | D        | Noticed a royal mummy
  6935 | D        | Noticed a royal mummy
  6935 | D        | Noticed a royal mummy
  6935 | D        | Noticed a royal mummy
  6935 | D        | Noticed a royal mummy
  6941 | D        | Killed a royal mummy
  6942 | D        | Killed a royal mummy
  6949 | D        | Killed a royal mummy
  6949 | D        | Noticed a royal mummy
  6950 | D        | Killed a royal mummy
  6951 | D        | Reached XP level 20. HP: 189/234 MP: 3/30
  6958 | D        | Killed a royal mummy
  6966 | D        | Killed a royal mummy
  7103 | D        | Got a golden rune of Zot
  7133 | D        | Reached skill level 27 in Throwing
  7141 | D        | Got an abyssal rune of Zot
  7326 | D        | Noticed Geryon
  7342 | D        | Killed Geryon
  7345 | D        | Noticed Antaeus
  7345 | D        | Found the +13 sceptre of Asmodeus
  7345 | D        | Noticed Asmodeus
  7345 | D        | Noticed Ereshkigal
  7363 | D        | Killed Antaeus
  7364 | D        | Reached skill level 27 in Armour
  7374 | D        | Killed Asmodeus
  7377 | D        | Paralysed by Ereshkigal for 5 turns
  7392 | D        | Killed Ereshkigal
  7410 | D        | Noticed Gloorx Vloq
  7421 | D        | Killed Gloorx Vloq
  7540 | D        | Got an icy rune of Zot
  7544 | D        | Got an obsidian rune of Zot
  7546 | D        | Noticed Mnoleg
  7559 | D        | Found the +6 sword of Cerebov {flame}
  7559 | D        | Noticed Cerebov
  7559 | D        | Gained mutation: You occasionally shout uncontrollably at
                  | your foes. [Mnoleg's mutagenic touch]
  7565 | D        | Killed Mnoleg
  7570 | D        | Noticed Lom Lobon
  7592 | D        | Killed Cerebov
  7832 | D        | Killed Lom Lobon
  8000 | D        | Noticed Dispater
  8022 | D        | Killed Dispater
  8058 | D        | Got a bone rune of Zot
  8063 | D        | Got a dark rune of Zot
  8067 | D        | Got a glowing rune of Zot
  8072 | D        | Got a fiery rune of Zot
  8076 | D        | Got a magical rune of Zot
  8080 | D        | Got an iron rune of Zot
  8493 | D        | Got the Orb of Zot
  8555 | D        | Noticed Hewomawa the pandemonium lord
  8570 | D        | Killed Hewomawa the pandemonium lord
  9075 | D        | Noticed Wuat the pandemonium lord
  9078 | D        | Killed Wuat the pandemonium lord
  9322 | D        | Noticed Naxzuab the pandemonium lord
  9333 | D        | Killed Naxzuab the pandemonium lord
  9584 | D        | Reached XP level 21. HP: 79/257 MP: 9/31
  9672 | D        | Noticed Gasso the pandemonium lord
  9676 | D        | Noticed an ancient lich
  9695 | D        | Killed an ancient lich
  9698 | D        | Killed Gasso the pandemonium lord
  9870 | D        | Noticed Onoagh the pandemonium lord
  9879 | D        | Killed Onoagh the pandemonium lord
  9908 | D        | Reached skill level 27 in Evocations
 10101 | D        | Noticed Nuecvill the pandemonium lord
 10114 | D        | Killed Nuecvill the pandemonium lord
 10151 | D        | Gained mutation: Your body sometimes deteriorates upon
                  | taking damage. [a cacodemon]
 10277 | D        | Escaped with the Orb!

Illustrated notes

Levels and vault maps discovered:
D:        linesprint [early_d, line_temple, items_1, d_10, items_2, lair_1,
          lair_end, items_3, orc_1, orc_end, items_4, d_15, swamp_1, shoals_1,
          snake_1, spider_1, d_20, vaults_1, items_5, swamp_end, shoals_end,
          snake_end, spider_end, vaults_end, d_27, items_6, zot_1, zot_end,
          crypt_end, forest_end, elf_end, slime_end, tomb_end, abyss_end,
          pan_hell_end]

Skill      XL: |  1  2  3  4  5  6  7  8  9 10 11 12 13 14 15 16 17 18 19 20 21 |
---------------+----------------------------------------------------------------+-----
Fighting       | 1 2 3 4 6 7 9 10 11 13 14 16 18 19 21 25 26 | 26.5
Dodging        | 2 3 4 5 6 7 8 10 11 12 13 14 16 18 19 21 25 26 | 26.4
Unarmed Combat | 5 6 8 11 13 14 15 16 17 19 20 22 24 25 27 | 27.0
Shapeshifting  | 4 5 6 7 8 10 11 12 13 14 | 14.0
Invocations    | 2 4 6 7 9 10 12 14 15 | 15.0
Evocations     | 2 3 5 6 11 15 19 25 27 | 27.0
Shields        | 1 7 10 14 16 20 22 25 27 | 27.0
Armour         | 6 9 13 15 18 21 23 26 27 | 27.0
Throwing       | 7 12 16 20 23 26 27 | 27.0

Action                     |  1- 3 |  4- 6 |  7- 9 | 10-12 | 13-15 | 16-18 | 19-21 || total
---------------------------+-------+-------+-------+-------+-------+-------+-------++-------
  Melee: Unarmed           |    12 |    17 |    44 |   189 |   374 |   565 |   562 ||  1763
         Punch             |       |       |     4 |    12 |       |       |    12 ||    28
  Throw: Large rock        |       |       |       |       |    45 |    17 |    65 ||   127
         Javelin           |       |       |       |       |     9 |    29 |    23 ||    61
 Invoke: Slouch            |       |       |       |     6 |     5 |       |     9 ||    20
         Temporal Distorti |       |       |       |       |     1 |       |     1 ||     2
         Step From Time    |       |       |       |       |       |       |     1 ||     1
  Evoke: Wand              |       |     2 |     2 |     1 |    11 |       |     1 ||    17
         Lightning rod     |       |       |       |       |       |       |     9 ||     9
    Use: Potion            |     1 |       |       |       |     3 |     1 |     6 ||    11
         Scroll            |       |       |       |       |     6 |     1 |     8 ||    15
   Stab: Sleeping          |       |       |       |     1 |       |       |       ||     1
 Armour: Animal skin       |     6 |     9 |       |       |       |       |       ||    15
         Steam dragon scal |       |       |    31 |    53 |       |       |       ||    84
         Shadow dragon sca |       |       |       |    16 |   171 |    31 |       ||   218
         Gold dragon scale |       |       |       |       |       |    94 |   158 ||   252
         Skin              |       |       |       |       |       |       |    18 ||    18
  Dodge: Dodged            |     5 |     6 |    25 |   137 |   189 |   158 |   128 ||   648
  Block: Kite shield       |       |       |       |    22 |   101 |       |       ||   123
         Tower shield      |       |       |       |       |   175 |   456 |   430 ||  1061
   Form: Beast             |       |     1 |       |     4 |       |       |       ||     5
                           |       |     1 |       |     3 |     1 |       |       ||     5
         Flux              |       |       |       |     1 |       |       |       ||     1

Table legend: (Time is in decaauts) A = Elapsed time spent in this place. B = Non-inter-level travel time spent in this place. C = Inter-level travel time spent in this place. D = Time resting spent in this place. E = Time spent auto-exploring this place. F = Levels seen in this place. G = Mean time per level. A B C D E F G +--------+--------+--------+--------+--------+-----+--------+ Total | 15180 | 11449 | 3731 | 652 | 5799 | 1 | 15180.0 | Dungeon | 15180 | 11449 | 3731 | 652 | 5799 | 1 | 15180.0 | +--------+--------+--------+--------+--------+-----+--------+

Top non-repeatable levels by time:
       D: 15180 daAuts
